PA
YELLOWKNIFE DRAGONBLOOD @ LOUISIANA DRAGOONS
05/19/2023
 
TOP OF THE 1ST
Yellowknife Dragonblood batting - Pitching for Louisiana Dragoons : RHP Jorge Rosales
Pitching: RHP Jorge Rosales
Batting: RHB Ángel Arroyo 0-0: Called Strike
0-1: Ball
1-1: Called Strike
1-2: Ground out 6-3 (Groundball, 6M)
Batting: RHB Dave Schroeder 0-0: Swinging Strike
0-1: SINGLE (Line Drive, 89S)
Batting: RHB Tomás Martínez 0-0: Ball
Dave Schroeder steals 2nd base
1-0: Ball
2-0: Foul Ball, location: 2F
2-1: Called Strike
2-2: Foul Ball, location: 2F
2-2: Foul Ball, location: 2F
2-2: Strikes out swinging
Batting: RHB Alberto Blanco 0-0: Foul Ball, location: 2F
0-1: Fly out, F7 (Flyball, 78M)
Top of the 1st over - 0 run(s), 1 hit(s), 0 error(s), 1 left on base; Yellowknife 0 - Louisiana 0
BOTTOM OF THE 1ST
Louisiana Dragoons batting - Pitching for Yellowknife Dragonblood : LHP Yoshida Kudo
Pitching: LHP Yoshida Kudo
Batting: SHB Francisco Valentín 0-0: Ball
1-0: Ball
2-0: Foul Ball, location: 2F
2-1: Foul Ball, location: 2F
2-2: DOUBLE (Line Drive, 3L)
Batting: RHB Derrek Conklin 0-0: Ball
1-0: Swinging Strike
1-1: SINGLE (Line Drive, 3D)
Francisco Valentín to third
Batting: LHB Juan Gabriel 0-0: Ball
1-0: Ball
2-0: Called Strike
2-1: Grounds into double play, 4-6-3 (Groundball, 4)
Francisco Valentín scores
Batting: RHB Wessel Wemerman 0-0: Ball
1-0: Ball
2-0: Foul Ball, location: 2F
2-1: Called Strike
2-2: Foul Ball, location: 2F
2-2: Ball
3-2: Strikes out swinging
Bottom of the 1st over - 1 run(s), 2 hit(s), 0 error(s), 0 left on base; Yellowknife 0 - Louisiana 1
TOP OF THE 2ND
Yellowknife Dragonblood batting - Pitching for Louisiana Dragoons : RHP Jorge Rosales
Batting: RHB Lloyd Walsh 0-0: Fly out, F8 (Flyball, 89M)
Batting: SHB Mitch Qualtrough 0-0: Hit by Pitch
Batting: LHB Walter Frampton 0-0: Called Strike
0-1: Ball
1-1: Ball
2-1: Ball
3-1: Fly out, F5 (Popup, 25)
Batting: LHB José Vargas 0-0: Ball
Mitch Qualtrough is caught stealing 2nd base
Top of the 2nd over - 0 run(s), 0 hit(s), 0 error(s), 0 left on base; Yellowknife 0 - Louisiana 1
BOTTOM OF THE 2ND
Louisiana Dragoons batting - Pitching for Yellowknife Dragonblood : LHP Yoshida Kudo
Batting: RHB Marshall Lamar 0-0: Ball
1-0: Ball
2-0: Called Strike
2-1: Called Strike
2-2: Strikes out swinging
Batting: RHB Jody Bennett 0-0: SINGLE (Groundball, 5S) (infield hit)
Batting: RHB Fernando Rutledge 0-0: Called Strike
0-1: Swinging Strike
0-2: SINGLE (Line Drive, 9LS)
Jody Bennett to second
Batting: RHB Jaime Cruz 0-0: Ball
1-0: Ground out 4-3 (Groundball, 4M)
Jody Bennett to third
Fernando Rutledge to second
Batting: RHB Eduardo Rivera 0-0: Ball
1-0: Fly out, F8 (Flyball, 8RM)
Bottom of the 2nd over - 0 run(s), 2 hit(s), 0 error(s), 2 left on base; Yellowknife 0 - Louisiana 1
TOP OF THE 3RD
Yellowknife Dragonblood batting - Pitching for Louisiana Dragoons : RHP Jorge Rosales
Batting: LHB José Vargas 0-0: Ball
1-0: Called Strike
1-1: Foul Ball, location: 2F
1-2: Fly out, F7 (Flyball, 7M)
Batting: RHB Ron Morton 0-0: Called Strike
0-1: Called Strike
0-2: Ball
1-2: SINGLE (Groundball, 6MD)
Batting: RHB Ángel Arroyo 0-0: Called Strike
Ron Morton is caught stealing 2nd base
0-1: Ball
1-1: Hit by Pitch
Batting: RHB Dave Schroeder 0-0: Ball
1-0: Fielders Choice at 2nd, U6 (Groundball, 6M)
Top of the 3rd over - 0 run(s), 1 hit(s), 0 error(s), 1 left on base; Yellowknife 0 - Louisiana 1
BOTTOM OF THE 3RD
Louisiana Dragoons batting - Pitching for Yellowknife Dragonblood : LHP Yoshida Kudo
Batting: SHB Francisco Valentín 0-0: Ground out 3-1 (Groundball, 34)
Batting: RHB Derrek Conklin 0-0: Called Strike
0-1: Called Strike
0-2: Strikes out swinging
Batting: LHB Juan Gabriel 0-0: Foul Ball, location: 2F
0-1: Ball
1-1: Swinging Strike
1-2: Foul Ball, location: 2F
1-2: Ball
2-2: Ball
3-2: Reached on Error, E7 (Flyball, 7S)
Batting: RHB Wessel Wemerman 0-0: Called Strike
0-1: Ball
1-1: Ball
2-1: Swinging Strike
2-2: Strikes out swinging
Bottom of the 3rd over - 0 run(s), 0 hit(s), 1 error(s), 1 left on base; Yellowknife 0 - Louisiana 1
TOP OF THE 4TH
Yellowknife Dragonblood batting - Pitching for Louisiana Dragoons : RHP Jorge Rosales
Batting: RHB Tomás Martínez 0-0: Called Strike
0-1: Ball
1-1: Ball
2-1: Ground out 6-3 (Groundball, 56)
Batting: RHB Alberto Blanco 0-0: Ball
1-0: Called Strike
1-1: Foul Ball, location: 2F
1-2: Foul Ball, location: 2F
1-2: Ball
2-2: Strikes out looking
Batting: RHB Lloyd Walsh 0-0: Ball
1-0: Ball
2-0: Called Strike
2-1: Ball
3-1: Called Strike
3-2: Base on Balls
Batting: SHB Mitch Qualtrough 0-0: Ball
1-0: Called Strike
1-1: Foul Ball, location: 2F
1-2: Foul Ball, location: 2F
1-2: Ball
2-2: Foul Ball, location: 2F
2-2: Strikes out looking
Top of the 4th over - 0 run(s), 0 hit(s), 0 error(s), 1 left on base; Yellowknife 0 - Louisiana 1
BOTTOM OF THE 4TH
Louisiana Dragoons batting - Pitching for Yellowknife Dragonblood : LHP Yoshida Kudo
Batting: RHB Marshall Lamar 0-0: Called Strike
0-1: Fly out, F7 (Line Drive, 7M)
Batting: RHB Jody Bennett 0-0: Ball
1-0: Ground out 5-3 (Groundball, 56)
Batting: RHB Fernando Rutledge 0-0: Ball
1-0: Swinging Strike
1-1: Ball
2-1: SINGLE (Line Drive, 9LS)
Batting: RHB Jaime Cruz 0-0: Fly out, F5 (Popup, 5SF)
Bottom of the 4th over - 0 run(s), 1 hit(s), 0 error(s), 1 left on base; Yellowknife 0 - Louisiana 1
TOP OF THE 5TH
Yellowknife Dragonblood batting - Pitching for Louisiana Dragoons : RHP Jorge Rosales
Batting: LHB Walter Frampton 0-0: Called Strike
0-1: Ball
1-1: Ball
2-1: Swinging Strike
2-2: SINGLE (Line Drive, 89S)
Batting: LHB José Vargas 0-0: Ball
1-0: Called Strike
1-1: Fly out, F8 (Line Drive, 8RM)
Batting: RHB Ron Morton 0-0: Ball
1-0: Ball
2-0: Foul Ball, location: 2F
2-1: Ball
3-1: Foul Ball, location: 2F
3-2: Base on Balls
Walter Frampton to second
Batting: RHB Ángel Arroyo 0-0: Ball
1-0: Called Strike
1-1: Ball
2-1: Fly out, F9 (Flyball, 89S)
Batting: RHB Dave Schroeder 0-0: Called Strike
0-1: Foul Ball, location: 2F
0-2: Ground out 5-3 (Groundball, 5)
Top of the 5th over - 0 run(s), 1 hit(s), 0 error(s), 2 left on base; Yellowknife 0 - Louisiana 1
BOTTOM OF THE 5TH
Louisiana Dragoons batting - Pitching for Yellowknife Dragonblood : LHP Yoshida Kudo
Batting: RHB Eduardo Rivera 0-0: Foul Ball, location: 2F
0-1: Bunted foul
0-2: Ball
1-2: Fly out, F3 (Popup, 3S)
Batting: SHB Francisco Valentín 0-0: Swinging Strike
0-1: Ball
1-1: Foul Ball, location: 2F
1-2: Ball
2-2: Ball
3-2: SINGLE (Line Drive, 8RS)
Batting: RHB Derrek Conklin 0-0: Ball
Francisco Valentín is caught stealing 2nd base
1-0: Ball
2-0: Foul Ball, location: 2F
2-1: Foul Ball, location: 2F
2-2: Foul Ball, location: 2F
2-2: Foul Ball, location: 2F
2-2: Foul Ball, location: 2F
2-2: SINGLE (Groundball, 6MD)
Batting: LHB Juan Gabriel 0-0: Foul Ball, location: 2F
0-1: Swinging Strike
0-2: Ball
1-2: Ball
2-2: Ball
3-2: SINGLE (Groundball, 34D)
Derrek Conklin to second
Derrek Conklin to third
Batting: RHB Wessel Wemerman 0-0: Fielders Choice at 2nd, U6 (Groundball, 6M)
Bottom of the 5th over - 0 run(s), 3 hit(s), 0 error(s), 2 left on base; Yellowknife 0 - Louisiana 1
TOP OF THE 6TH
Yellowknife Dragonblood batting - Pitching for Louisiana Dragoons : RHP Jorge Rosales
Batting: RHB Tomás Martínez 0-0: Foul Ball, location: 2F
0-1: Ball
1-1: Called Strike
1-2: Foul Ball, location: 2F
1-2: Strikes out swinging
Batting: RHB Alberto Blanco 0-0: Fly out, F8 (Flyball, 8RM)
Batting: RHB Lloyd Walsh 0-0: SINGLE (Groundball, 34D)
Batting: SHB Mitch Qualtrough 0-0: Fly out, F8 (Flyball, 8RM)
Top of the 6th over - 0 run(s), 1 hit(s), 0 error(s), 1 left on base; Yellowknife 0 - Louisiana 1
BOTTOM OF THE 6TH
Louisiana Dragoons batting - Pitching for Yellowknife Dragonblood : LHP Yoshida Kudo
Batting: RHB Marshall Lamar 0-0: Called Strike
0-1: Swinging Strike
0-2: Ball
1-2: SINGLE (Line Drive, 6MD)
Batting: RHB Jody Bennett 0-0: Bunted foul
0-1: Bunt missed!
0-2: Fly out, F9 (Line Drive, 9M)
Batting: RHB Fernando Rutledge 0-0: Called Strike
0-1: Ball
1-1: Foul Ball, location: 2F
1-2: Strikes out swinging
Pitching: LHP Roberto Cabrera
Batting: RHB Jaime Cruz 0-0: Ball
1-0: Ball
Marshall Lamar is caught stealing 2nd base
Bottom of the 6th over - 0 run(s), 1 hit(s), 0 error(s), 0 left on base; Yellowknife 0 - Louisiana 1
TOP OF THE 7TH
Yellowknife Dragonblood batting - Pitching for Louisiana Dragoons : RHP Jorge Rosales
Batting: LHB Walter Frampton 0-0: Ball
1-0: Ground out 1-3 (Groundball, 15)
Pitching: RHP Steve Rayla
Batting: LHB José Vargas 0-0: Ball
1-0: Fly out, F8 (Flyball, 8RM)
Batting: RHB Ron Morton 0-0: Foul Ball, location: 2F
0-1: Foul Ball, location: 2F
0-2: Foul Ball, location: 2F
0-2: Strikes out swinging
Top of the 7th over - 0 run(s), 0 hit(s), 0 error(s), 0 left on base; Yellowknife 0 - Louisiana 1
BOTTOM OF THE 7TH
Louisiana Dragoons batting - Pitching for Yellowknife Dragonblood : LHP Roberto Cabrera
Batting: RHB Jaime Cruz 0-0: Ball
1-0: Ground out 4-3 (Groundball, 4)
Batting: RHB Eduardo Rivera 0-0: Swinging Strike
0-1: Ball
1-1: Ball
2-1: SOLO HOME RUN (Flyball, 8RXD), Distance : 445 ft
Batting: SHB Francisco Valentín 0-0: Ball
1-0: Called Strike
1-1: Foul Ball, location: 2F
1-2: Foul Ball, location: 2F
1-2: SINGLE (Flyball, 56D)
Batting: RHB Derrek Conklin 0-0: Called Strike
Francisco Valentín steals 2nd base
0-1: Ball
1-1: Intentional Walk
Batting: LHB Juan Gabriel 0-0: Called Strike
0-1: Foul Ball, location: 2F
0-2: Fly out, F9 (Flyball, 9M)
Batting: RHB Wessel Wemerman 0-0: Foul Ball, location: 2F
0-1: Called Strike
0-2: DOUBLE (Flyball, 8RXD)
Francisco Valentín scores
Derrek Conklin to third
Runner from 3rd tries for Home, SAFE, no throw or cutoff
Pitching: RHP Miguel Cervantes
Batting: RHB Marshall Lamar 0-0: Ground out 5-3 (Groundball, 56S)
Bottom of the 7th over - 3 run(s), 3 hit(s), 0 error(s), 1 left on base; Yellowknife 0 - Louisiana 4
TOP OF THE 8TH
Yellowknife Dragonblood batting - Pitching for Louisiana Dragoons : RHP Steve Rayla
Batting: RHB Ángel Arroyo 0-0: Called Strike
0-1: Ball
1-1: Ball
2-1: Ball
3-1: SINGLE (Flyball, 8LS)
Batting: RHB Dave Schroeder 0-0: Foul Ball, location: 2F
0-1: Ball
1-1: Swinging Strike
1-2: Foul Ball, location: 2F
1-2: Strikes out swinging
Batting: RHB Tomás Martínez 0-0: Called Strike
0-1: Swinging Strike
0-2: Strikes out swinging
Batting: RHB Alberto Blanco 0-0: Ball
1-0: Called Strike
1-1: Swinging Strike
1-2: Ball
2-2: Strikes out looking
Top of the 8th over - 0 run(s), 1 hit(s), 0 error(s), 1 left on base; Yellowknife 0 - Louisiana 4
BOTTOM OF THE 8TH
Louisiana Dragoons batting - Pitching for Yellowknife Dragonblood : RHP Miguel Cervantes
Batting: RHB Jody Bennett 0-0: Ground out 5-3 (Groundball, 5L)
Batting: RHB Fernando Rutledge 0-0: Ball
1-0: Foul Ball, location: 2F
1-1: Foul Ball, location: 2F
1-2: Ground out 5-3 (Groundball, 56)
Batting: RHB Jaime Cruz 0-0: Called Strike
0-1: Foul Ball, location: 2F
0-2: Ground out 5-3 (Groundball, 5)
Bottom of the 8th over - 0 run(s), 0 hit(s), 0 error(s), 0 left on base; Yellowknife 0 - Louisiana 4
TOP OF THE 9TH
Yellowknife Dragonblood batting - Pitching for Louisiana Dragoons : RHP Steve Rayla
Batting: RHB Lloyd Walsh 0-0: Ball
1-0: Ball
2-0: Ball
3-0: Called Strike
3-1: Ground out 5-3 (Groundball, 56)
Batting: SHB Mitch Qualtrough 0-0: Called Strike
0-1: Ball
1-1: Foul Ball, location: 2F
1-2: Ball
2-2: Foul Ball, location: 2F
2-2: Strikes out looking
Batting: LHB Walter Frampton 0-0: Swinging Strike
0-1: Foul Ball, location: 2F
0-2: Strikes out swinging
Top of the 9th over - 0 run(s), 0 hit(s), 0 error(s), 0 left on base; Yellowknife 0 - Louisiana 4
This league is powered by Out of the Park Baseball, the baseball management simulation game for PC, Mac and Linux
Friday, July 8th, 2016 - OOTP Baseball 16.9 Build 39